AoeStats
← Tim

Fortress

510486389Analyzed
1v1 RM · 1d ago on Oct 1, 2026· 41m 37s· 2 players
Game mode
Random Map
Map size
Small (3 player)
Population
200
Speed
Normal
Resources
Standard
Victory
Conquest
Starting age
Dark Age
Ending age
Imperial Age
RankedLock teamsTeams togetherTeam positionsShared explorationLock speedFull tech treeHidden civsTurbo modeCheats
Victory
Defeat
🇨🇳 Spanish · China
1031
+14
🇺🇸 Vietnamese · United States
995
-14
Tim
8:08 Feudal Age
13:45 Castle Age
12:46 Double-Bit Axe
12:43 Horse Collar
12:55 Gold Mining
12:53 Loom
12:58 Town Watch
15:34 Bow Saw
17:34 Fletching
19:21 Bodkin Arrow
19:46 Padded Archer Armor
22:15 Leather Archer Armor
24:00 Town Watch
26:07 Heavy Plow
29:42 Imperial Age
29:53 Wheelbarrow
30:03 Scale Barding Armor
30:09 Forging
30:40 Bracer
31:50 Chemistry
31:39 Paper Money
32:22 Hand Cart
31:46 Pikeman
32:28 Scale Mail Armor
33:01 Halberdier
33:42 Squires
36:01 Two-Man Saw
35:32 Crop Rotation
35:59 Ring Archer Armor
35:48 Chain Mail Armor
38:13 Elite Skirmisher
40:56 Plate Mail Armor
人间王国
8:55 Feudal Age
11:12 Double-Bit Axe
11:10 Horse Collar
11:30 Gold Mining
13:52 Castle Age
15:26 Bow Saw
27:25 Imperial Age
25:02 Husbandry
25:13 Bloodlines
25:21 Stone Mining
26:59 Scale Barding Armor
27:33 Forging
27:46 Cavalier
29:03 Chain Barding Armor
29:29 Heavy Plow
31:07 Conscription
33:18 Chemistry
32:39 Ballistics
34:34 Two-Man Saw
34:18 Wheelbarrow
33:29 Loom
33:13 Paladin
34:43 Iron Casting
37:48 Plate Barding Armor
38:14 Blast Furnace
38:18 Elite Conquistador
Connection lost

Rejoining the realm…

Still unreachable

The connection could not be restored.

Session expired

The server has moved on; the page needs a fresh start.